 Dungeon Crawl Stone Soup version 0.16-a0-1301-gf74d490 (webtiles) character file.

77 Ololoev the Cudgeler (level 4, 0/36 HPs)
             Began as a Ghoul Gladiator on Oct 15, 2014.
             Slain by a quokka (2 damage)
             ... on level 3 of the Dungeon.
             The game lasted 00:03:48 (907 turns).

Ololoev the Cudgeler (Ghoul Gladiator)               Turns: 907, Time: 00:03:48

Health: 0/36       AC:  4    Str: 18    XL:     4   Next: 34%
Magic:  3/3        EV: 11    Int:  3    God:
Gold:   48         SH:  0    Dex: 10    Spells: 0 memorised, 3 levels left

rFire  . . .     SeeInvis .     a - +0 flail
rCold  + . .     Clarity  .     b - +0 leather armour
rNeg   + + +     SustAb   .     (no shield)
rPois  +         Saprov   + + + c - +0 helmet
rElec  .         Spirit   .     (no cloak)
rCorr  .         Warding  .     (no gloves)
rMut   .         Stasis   .     (no boots)
MR     .....                    (no amulet)
Stlth  +.........               (no ring)
                                (no ring)

@: rotting, not resistant to hostile enchantments, very unstealthy
A: rotting body, claws 1, carnivore 3, cold resistance 1, negative energy
resistance 3, poison resistance, saprovore 3, slow healing 1, torment
resistance, unbreathing
a: no special abilities


You were on level 3 of the Dungeon.
You were not hungry.

You visited 1 branch of the dungeon, and saw 3 of its levels.

You collected 48 gold pieces.

Inventory:

Hand weapons
 a - a +0 flail (weapon)
Missiles
 d - 3 throwing nets (quivered)
Armour
 b - a +0 leather armour (worn)
 c - a +0 helmet (worn)
Scrolls
 h - 3 scrolls of identify {unknown}
 r - a scroll of random uselessness {unknown}
Potions
 e - a potion of mutation {unknown}
 f - 2 potions of restore abilities {unknown}
 l - a potion of invisibility {unknown}
Comestibles
 j - a rotting chunk of hobgoblin flesh
 k - 2 chunks of giant mite flesh
 m - a meat ration
 n - a chunk of kobold flesh
 p - a slice of pizza
 q - a chunk of kobold flesh


   Skills:
 - Level 2.1 Fighting
 + Level 4.5 Maces & Flails
 - Level 1.7 Throwing
 - Level 2.6 Dodging


You had 3 spell levels left.
You didn't know any spells.

Dungeon Overview and Level Annotations

Branches:
Dungeon (3/15)

Altars:

Annotations:
D:2 Terence


Innate Abilities, Weirdness & Mutations

Your body is rotting away.
You have sharp fingernails.
You are carnivorous and can eat meat at any time.
Your flesh is cold resistant.
You are immune to negative energy.
Your system is resistant to poisons.
You thrive on rotten meat.
You heal slowly when monsters are visible.
You are immune to unholy pain and torment.
You can survive without breathing.


Message History

You are too injured to fight recklessly!
You are too injured to fight recklessly!
You are too injured to fight recklessly!
You sock the giant frog skeleton!
You destroy the giant frog skeleton!
You have reached level 4!
The quokka bites you.
* * * LOW HITPOINT WARNING * * *
You hit the quokka.
The quokka is moderately wounded.
The quokka bites you.
* * * LOW HITPOINT WARNING * * *
You closely miss the quokka.
The quokka is moderately wounded.
The quokka bites you.
* * * LOW HITPOINT WARNING * * *
You closely miss the quokka.
The quokka is moderately wounded.
The quokka barely misses you. The quokka bites you.
You die...

#..... ....... #.
#....... ###.#
#........ ##....
#........ ......
#........ .....
#......... #..##r#
#...@.# #...### #
.##.##.#.###.#.##
..................
.##.##.#..##.#.##
# #......#
#..###.#.#
#..).....#
#########.####..##


You could see a quokka.

Vanquished Creatures
  A giant frog skeleton (D:3)
  An adder (D:1)
  2 giant mites
  A giant gecko (D:2)
  3 hobgoblins
  2 jackals (D:3)
  3 kobolds
  A quokka (D:3)
  5 bats (D:1)
  A giant newt (D:1)
  5 goblins
  4 rats (D:1)
29 creatures vanquished.

Notes
Turn   | Place    | Note
--------------------------------------------------------------
     0 | D:1      | Ololoev, the Ghoul Gladiator, began the quest for the Orb.
     0 | D:1      | Reached XP level 1. HP: 17/17 MP: 1/1
   107 | D:1      | Reached skill level 3 in Maces & Flails
   107 | D:1      | Reached XP level 2. HP: 22/24 MP: 2/2
   325 | D:1      | Reached XP level 3. HP: 29/29 MP: 3/3
   690 | D:2      | Reached skill level 4 in Maces & Flails
   724 | D:2      | Noticed Terence
   904 | D:3      | Reached XP level 4. HP: 8/36 MP: 3/3
   907 | D:3      | Slain by a quokka

Action                   |  1- 3 |  4- 6 || total
-------------------------+-------+-------++-------
Melee: Flail             |   101 |     3 ||   104
  Eat: Chunk             |     7 |       ||     7
